 Dungeon Crawl Stone Soup version 0.23.2-1-ga50397a (webtiles) character file.

Game seed: 7025163714862669175

81 schauveau the Shooter (level 4, -1/38 HPs)
             Began as a Centaur Hunter on Apr 26, 2019.
             Slain by a hobgoblin (3 damage)
             ... on level 1 of the Dungeon.
             The game lasted 00:03:16 (1145 turns).

schauveau the Shooter (Centaur Hunter)              Turns: 1145, Time: 00:03:16

Health: -1/38      AC:  7    Str: 14    XL:     4   Next: 20%
Magic:  4/4        EV:  9    Int: 10    God:
Gold:   61         SH:  0    Dex: 11    Spells: 3/3 levels left

rFire    . . .     SeeInvis .   b - +0 short sword
rCold    + . .     Gourm    .   (no shield)
rNeg     . . .     Faith    .   c - +0 leather armour
rPois    .         Spirit   .   (no helmet)
rElec    .         Reflect  .   h - +2 cloak
rCorr    .         Harm     .   (no gloves)
MR       .....                  (no barding)
Stlth    +.........             m - amulet of inaccuracy (curse)
HPRegen  0.12/turn              k - ring of protection from cold
MPRegen  0.09/turn              (no ring)

@: lethally poisoned (-1 -> -9), very quick
A: large, hooves 3, deformed body, speed 2, tough skin 3
a: no special abilities


You were on level 1 of the Dungeon.
You were not hungry.

You visited 1 branch of the dungeon, and saw 3 of its levels.

You collected 61 gold pieces.

Inventory:

Hand Weapons
 a - a +1 shortbow
 b - a +0 short sword (weapon)
Missiles
 d - 20 arrows
 g - 31 poisoned needles
 j - 23 stones (quivered)
Armour
 c - a +0 leather armour (worn)
 h - a +2 cloak (worn)
Jewellery
 k - a ring of protection from cold (left hand)
 m - a cursed amulet of inaccuracy (around neck)
Scrolls
 e - a scroll of identify
 i - a scroll of enchant weapon
 n - a scroll of noise {unknown}
 o - a scroll of teleportation {unknown}
 p - a scroll of remove curse {unknown}
Comestibles
 f - 4 rations
 l - a chunk of flesh


   Skills:
 + Level 3.0 Fighting
 * Level 6.9 Bows
 - Level 1.3 Dodging
 - Level 0.4 Stealth


You had 3 spell levels left.
You didn't know any spells.
Your spell library was empty.

Dungeon Overview and Level Annotations

Branches:
Dungeon (3/15)

Altars:
Ashenzari
Dithmenos
Uskayaw


Innate Abilities, Weirdness & Mutations

You have hooves in place of feet.
Armour fits poorly on your strangely shaped body.
You cover ground very quickly.
You have extremely tough skin. (AC +3)


Message History

You feel sick. The adder bites you but does no damage.
You barely miss the adder. Your kick misses the adder.
The adder is almost dead.
* * * LOW HITPOINT WARNING * * *
You feel sick. The adder barely misses you.
The adder bites you but does no damage.
You miss the adder. Your kick misses the adder.
The adder is almost dead.
The adder bites you.
* * * LOW HITPOINT WARNING * * *
You are more poisoned.
The adder poisons you!
You hit the adder.
You kill the adder!
* * * LOW HITPOINT WARNING * * *
You feel sick.
You closely miss the hobgoblin.
* * * LOW HITPOINT WARNING * * *
You feel sick. The hobgoblin hits you.
You die... ##########.. #...@g...... #.########..

You could see a hobgoblin.

Vanquished Creatures
  5 adders
  2 worms (D:2)
  2 dart slugs
  An orc (D:3)
  A giant cockroach (D:3)
  4 goblins
  A hobgoblin (D:1)
  6 kobolds
  A quokka (D:3)
  3 bats
  A frilled lizard (D:3)
  3 rats
30 creatures vanquished.

Notes
Turn   | Place    | Note
-------+----------+-------------------------------------------
     0 | D:1      | schauveau the Centaur Hunter began the quest for the Orb.
     0 | D:1      | Reached XP level 1. HP: 17/17 MP: 1/1
    15 | D:1      | Noticed a minotaur skeleton
    17 | D:1      | Noticed a minotaur skeleton
    19 | D:1      | Noticed a minotaur skeleton
   164 | D:1      | Reached XP level 2. HP: 20/24 MP: 2/2
   366 | D:2      | Reached skill level 6 in Bows
   678 | D:2      | Reached XP level 3. HP: 30/30 MP: 3/3
   886 | D:3      | Reached XP level 4. HP: 33/37 MP: 4/4
   888 | D:3      | Found a hide-covered altar of Uskayaw.
   890 | D:3      | Noticed a +0 dagger
   890 | D:3      | Noticed a +0 hand axe
  1021 | D:2      | Found a shadowy altar of Dithmenos.
  1058 | D:2      | Found a shattered altar of Ashenzari.
  1145 | D:1      | Slain by a hobgoblin

Skill      XL: |  1  2  3  4 |
---------------+-------------+-----
Bows           | 6 |  6.9
Fighting       | 3 |  3.0
Dodging        | |  1.3
Stealth        | |  0.4

Action                   |  1- 3 |  4- 6 || total
-------------------------+-------+-------++-------
Melee: Short sword       |    84 |    38 ||   122
       Kick              |    18 |     3 ||    21
 Fire: Shortbow          |    18 |       ||    18
  Use: Potion            |     3 |       ||     3
       Scroll            |     1 |       ||     1
Armor: Leather armour    |    43 |    19 ||    62
Dodge: Dodged            |    47 |    22 ||    69
